AoeStats
← inman.chris406

Arabia

507509754Analyzed
1v1 RM · 1mo ago on Sep 18, 2026· 81m 44s· 2 players
Game mode
Random Map
Map size
Tiny (2 player)
Population
200
Speed
Normal
Resources
Standard
Victory
Conquest
Starting age
Dark Age
Ending age
Imperial Age
RankedLock teamsTeams togetherTeam positionsShared explorationLock speedFull tech treeHidden civsTurbo modeCheats
Victory
Defeat
🇹🇼 Mongols · Taiwan
899
+17
vs
🇺🇸 Teutons · United States
924
-17
中國人來一隊
9:36 Feudal Age
11:43 Loom
16:49 Castle Age
16:43 Double-Bit Axe
24:51 Pikeman
27:29 Bow Saw
37:44 Gold Mining
38:05 Squires
37:37 Elite Skirmisher
38:07 Elite Skirmisher
38:47 Fletching
39:00 Scale Mail Armor
39:11 Forging
42:46 Imperial Age
43:16 Bodkin Arrow
43:27 Scale Barding Armor
44:47 Bloodlines
44:38 Husbandry
43:59 Heavy Camel Rider
48:09 Horse Collar
55:20 Chain Mail Armor
61:05 Iron Casting
60:05 Capped Ram
61:08 Heavy Plow
62:13 Wheelbarrow
61:23 Town Watch
63:49 Chain Barding Armor
64:50 Hand Cart
65:40 Blast Furnace
64:03 Light Cavalry
65:21 Hussar
71:08 Bracer
71:38 Plate Mail Armor
71:09 Padded Archer Armor
72:34 Conscription
74:10 Man-at-Arms
inman.chris406
6:48 Loom
9:27 Feudal Age
10:34 Double-Bit Axe
20:14 Castle Age
18:09 Horse Collar
21:17 Scale Barding Armor
21:24 Forging
23:00 Gold Mining
23:18 Heavy Plow
23:33 Bow Saw
24:11 Bow Saw
27:22 Chain Barding Armor
28:21 Wheelbarrow
27:33 Town Watch
34:56 Hand Cart
34:51 Elite Skirmisher
36:29 Bloodlines
38:24 Ballistics
38:15 Masonry
38:15 Fortified Wall
43:42 Imperial Age
43:59 Cavalier
45:21 Plate Barding Armor
44:37 Fletching
44:47 Padded Archer Armor
45:22 Iron Casting
45:28 Plate Barding Armor
44:54 Padded Archer Armor
48:04 Heavy Plow
50:57 Paladin
56:00 Hoardings
55:46 Conscription
56:35 Bodkin Arrow
63:56 Pikeman
64:38 Squires
64:24 Arson
65:58 Halberdier
68:08 Scale Mail Armor
69:10 Blast Furnace
Connection lost

Rejoining the realm…

Still unreachable

The connection could not be restored.

Session expired

The server has moved on; the page needs a fresh start.